AoeStats
← 河北彩花

Arena

508233037Analyzed
4v4 RM · 11d ago on Sep 21, 2026· 51m 35s· 8 players
Game mode
Random Map
Map size
Large (8 player)
Population
200
Speed
Normal
Resources
Standard
Victory
Conquest
Starting age
Dark Age
Ending age
Imperial Age
RankedLock teamsTeams togetherTeam positionsShared explorationLock speedFull tech treeHidden civsTurbo modeCheats
Victory
Defeat
🇨🇳 Persians · China
1235
+12
🇨🇳 Spanish · China
1181
+14
🇲🇴 Goths · Macao SAR China
1177
+14
🇧🇷 Turks · Brazil
1160
+15
🇷🇴 Malians · Romania
1230
-17
🇹🇼 Turks · Taiwan
1130
-13
🇨🇳 Celts · China
1121
-13
🇮🇳 Wei · India
1095
-12
我很牛逼
10:02 Loom
11:59 Feudal Age
16:27 Castle Age
14:56 Double-Bit Axe
14:57 Horse Collar
23:32 Heavy Plow
23:44 Bow Saw
30:26 Town Watch
31:17 Wheelbarrow
35:28 Imperial Age
34:21 Forging
34:17 Scale Barding Armor
34:22 Forging
34:17 Scale Barding Armor
35:21 Husbandry
35:32 Bloodlines
36:06 Iron Casting
35:33 Cavalier
36:36 Chain Barding Armor
36:49 Conscription
36:51 Supremacy
38:16 Blast Furnace
37:51 Plate Barding Armor
38:38 Hoardings
37:42 Paladin
40:28 Two-Man Saw
39:45 Hand Cart
40:07 Light Cavalry
40:49 Hussar
43:13 Chemistry
43:07 Gold Mining
43:08 Stone Mining
43:20 Town Patrol
48:16 Bombard Tower
48:17 Ballistics
HAHA
12:09 Feudal Age
12:54 Loom
16:29 Castle Age
24:05 Imperial Age
23:32 Fletching
25:23 Padded Archer Armor
25:19 Bodkin Arrow
26:43 Double-Bit Axe
30:13 Bow Saw
35:45 Wheelbarrow
35:13 Elite Janissary
37:16 Hand Cart
37:48 Conscription
39:14 Horse Collar
39:51 Leather Archer Armor
42:16 Bombard Tower
42:17 Ballistics
41:54 Murder Holes
42:10 Masonry
42:10 Fortified Wall
42:08 Heavy Plow
43:34 Ring Archer Armor
45:49 Two-Man Saw
44:48 Town Watch
45:05 Bracer
44:47 Spies/Treason
46:42 Sipahi
46:22 Artillery
46:35 Treadmill Crane
47:26 Architecture
48:11 Squires
47:56 Arson
47:32 Man-at-Arms
47:50 Sappers
49:16 Heated Shot
49:17 Guard Tower
48:51 Capped Ram
49:13 Crossbowman
49:59 Thumb Ring
50:20 Parthian Tactics
50:08 Forging
50:04 Scale Barding Armor
49:59 Scale Mail Armor
50:02 Caravan
50:33 Coinage
50:42 Heavy Scorpion
51:20 Siege Ram
DancingSword
10:05 Feudal Age
14:40 Castle Age
12:53 Double-Bit Axe
13:21 Horse Collar
18:03 Loom
19:11 Bow Saw
23:26 Wheelbarrow
24:49 Heavy Plow
25:44 Gold Mining
25:46 Stone Mining
29:04 Imperial Age
27:40 Gold Shaft Mining
27:41 Stone Shaft Mining
28:03 Hand Cart
29:33 Husbandry
29:46 Bloodlines
29:58 Scale Barding Armor
30:03 Forging
29:38 Light Cavalry
31:05 Crop Rotation
30:28 Cavalier
31:30 Thumb Ring
31:27 Fletching
32:09 Conscription
31:18 Crossbowman
32:44 Kamandaran
34:01 Two-Man Saw
32:55 Elite Skirmisher
33:35 Bodkin Arrow
34:02 Chain Barding Armor
34:45 Chemistry
34:05 Ballistics
33:58 Savar
36:33 Plate Barding Armor
36:00 Padded Archer Armor
36:56 Iron Casting
37:22 Leather Archer Armor
37:43 Murder Holes
37:59 Masonry
38:57 Blast Furnace
38:48 Ring Archer Armor
37:40 Hussar
40:05 Elite War Elephant
40:57 Citadels
42:04 Town Watch
42:20 Scale Mail Armor
41:42 Pikeman
42:22 Squires
42:08 Arson
42:08 Gambesons
50:35 Chain Mail Armor
49:42 Halberdier
50:58 Architecture
河北彩花
1:01 Loom
9:41 Feudal Age
14:21 Castle Age
12:52 Double-Bit Axe
13:45 Stone Mining
19:24 Horse Collar
22:44 Bow Saw
25:43 Wheelbarrow
26:13 Town Watch
26:47 Gold Mining
28:08 Heavy Plow
33:50 Imperial Age
31:43 Scale Mail Armor
31:47 Squires
32:58 Pikeman
34:25 Hand Cart
35:01 Chain Mail Armor
35:36 Forging
34:53 Halberdier
37:59 Conscription
38:30 Iron Casting
40:25 Iron Casting
39:35 Heavy Scorpion
41:15 Conscription
41:47 Stone Shaft Mining
42:22 Blast Furnace
42:02 Fletching
43:47 Perfusion
44:24 Ballistics
45:05 Chemistry
43:49 Elite Huskarl
44:19 Spies/Treason
46:49 Anarchy
47:03 Masonry
47:29 Capped Ram
KingShark
11:42 Feudal Age
15:49 Castle Age
13:39 Horse Collar
14:17 Double-Bit Axe
15:02 Gold Mining
16:43 Bow Saw
18:12 Heavy Plow
19:00 Gold Shaft Mining
21:54 Wheelbarrow
23:42 Bloodlines
23:33 Husbandry
23:47 Forging
23:43 Scale Barding Armor
26:31 Wheelbarrow
27:31 Loom
31:13 Imperial Age
29:22 Chain Barding Armor
29:46 Iron Casting
30:04 Hand Cart
30:58 Town Watch
35:25 Blast Furnace
34:55 Ming Guang Armor
35:11 Elite Tiger Cavalry
ky21431
13:54 Feudal Age
15:02 Double-Bit Axe
15:11 Gold Mining
17:53 Castle Age
22:34 Imperial Age
24:29 Loom
高希英娜
10:47 Feudal Age
14:43 Castle Age
13:13 Double-Bit Axe
13:37 Horse Collar
15:42 Bow Saw
16:00 Heavy Plow
21:56 Fortified Wall
22:52 Wheelbarrow
24:08 Loom
25:58 Gold Mining
26:33 Hand Cart
27:32 Gold Shaft Mining
30:20 Gambesons
31:28 Pikeman
36:57 Imperial Age
Sageata
11:37 Feudal Age
15:34 Castle Age
13:53 Double-Bit Axe
14:38 Horse Collar
15:06 Loom
18:39 Bow Saw
23:03 Wheelbarrow
23:08 Heavy Plow
23:51 Forging
23:42 Scale Mail Armor
25:12 Gold Mining
29:31 Imperial Age
28:23 Gold Shaft Mining
30:59 Conscription
33:09 Iron Casting
34:13 Hand Cart
35:52 Chain Mail Armor
36:29 Town Watch
37:15 Elite Gbeto
38:20 Scale Barding Armor
38:06 Pikeman
41:21 Squires
41:02 Onager
43:41 Chemistry
43:02 Ballistics
Connection lost

Rejoining the realm…

Still unreachable

The connection could not be restored.

Session expired

The server has moved on; the page needs a fresh start.